 Dungeon Crawl Stone Soup version 0.30-a0-989-g0d87f670db (webtiles) character file.

Game seed: 13934603952355320834

12 112233 the Gusty (level 2, -4/15 HPs)
             Began as a Tengu Air Elementalist on Apr 3, 2023.
             Killed from afar by Natasha (9 damage)
             ... with a magic dart
             ... on level 2 of the Dungeon.
             The game lasted 00:00:23 (467 turns).

112233 the Gusty (Tengu Air Elementalist)            Turns: 467, Time: 00:00:23

Health: -4/15      AC:  2    Str:  8    XL:     2   Next: 33%
Magic:  6/6        EV: 12    Int: 15    God:
Gold:   25         SH:  0    Dex: 14    Spells: 4/5 levels left

rFire   . . .      SeeInvis .    (no weapon)
rCold   . . .      Faith    .    (no shield)
rNeg    . . .      Spirit   .    a - +0 robe
rPois   .          Reflect  .    (helmet restricted)
rElec   .          Rampage  .    (no cloak)
rCorr   .                        (no gloves)
Will    .....                    (boots unavailable)
Stlth   ++                       (no amulet)
HPRegen 0.22/turn                (no ring)
MPRegen 0.10/turn                (no ring)

@: very slightly contaminated
A: beak, talons 3
a: no special abilities


You were on level 2 of the Dungeon.
You visited 1 branch of the dungeon, and saw 2 of its levels.

You collected 25 gold pieces.

Inventory:

Armour
 a - a +0 robe (worn)
Scrolls
 c - a scroll of amnesia {unknown}


   Skills:
 - Level 2.3 Dodging
 - Level 2.1 Stealth
 + Level 2.3 Spellcasting
 + Level 1.8 Conjurations
 + Level 4.2 Air Magic


You had 4 spell levels left.
You knew the following spells:

 Your Spells              Type           Power      Damage    Failure   Level
a - Shock                 Conj/Air       40%        1d5       6%          1

Your spell library contained the following spells:

 Spells                   Type           Power      Damage    Failure   Level
 Static Discharge         Conj/Air       20%        2-3/arc   10%         2
 Swiftness                Air            14%        N/A       12%         3
 Airstrike                Air            7%         2d(1-17)  36%         4


Dungeon Overview and Level Annotations

Branches:
Dungeon (2/15)

Altars:

Annotations:
D:2 Natasha


Innate Abilities, Weirdness & Mutations

You have a beak for a mouth.
You have claws for feet.


Message History

Natasha casts a spell at you. The magic dart hits you.
Natasha is nearby!
Natasha is nearby!
Natasha is nearby!
Natasha closely misses you.
You see here 2 scrolls labelled KEIRESHR OXUIMU.
Unknown command.
Casting: Shock (safe; 6% risk of failure)
Confirm with . or Enter, or press ? or * to list all spells.
Aiming: Shock (safe; 6% risk of failure)
Press: ? - help, Shift-Dir - straight line, f/p - Natasha
Aim: Natasha (60% to hit)
The zap misses Natasha.
Natasha claws you!
* * * LOW HITPOINT WARNING * * *
Unknown command.
Casting: Shock (safe; 6% risk of failure)
Confirm with . or Enter, or press ? or * to list all spells.
Aiming: Shock (safe; 6% risk of failure)
Press: ? - help, Shift-Dir - straight line, f/p - Natasha
Aim: Natasha (60% to hit)
The zap misses Natasha.
Natasha growls.
Natasha closely misses you.
Unknown command.
Unknown command.
Okay, then.
Casting: Shock (safe; 6% risk of failure)
Confirm with . or Enter, or press ? or * to list all spells.
Aiming: Shock (safe; 6% risk of failure)
Press: ? - help, Shift-Dir - straight line, f/p - Natasha
Aim: Natasha (60% to hit)
The zap hits Natasha but does no damage.
Natasha barely misses you.
Unknown command.
Magic courses through your body.
Natasha stares at you and mumbles some strange words.
The magic dart hits you!
Ouch! That really hurt!
You die...

#........# #.....#
#...
#........####.##.##
#...
#........##...##.#
....
#......)....####.#
#.### ..........###
#.# #.
............# #.#
.. .....##..##.##
#..
#†....?.###..###..
#....###@......#
>... #h....#.. ...
......#.. ##
#........#
##.?...### #.....#
#.....# ......#


You could see Natasha.

Vanquished Creatures
  2 ball pythons
  An endoplasm (D:1)
  3 goblins
  A hobgoblin (D:1)
  A bat (D:1)
  A frilled lizard (D:2)
  A kobold (D:1)
  A rat (D:1)
11 creatures vanquished.

Notes
Turn   | Place    | Note
-------+----------+-------------------------------------------
     0 | D:1      | 112233 the Tengu Air Elementalist began the quest for the
                  | Orb.
     0 | D:1      | Reached XP level 1. HP: 10/10 MP: 4/4
   209 | D:1      | Reached XP level 2. HP: 15/15 MP: 1/6
   322 | D:1      | Found a faded altar of an unknown god.
   458 | D:2      | Noticed Natasha
   467 | D:2      | Killed from afar by Natasha

Illustrated notes

Levels and vault maps discovered:
D:1:      matt_arrival_grand_opening, layout_basic, ebering_ecumenical_altar_box
D:2:      layout_rooms, uniq_natasha

Action                     || total
---------------------------++-------
  Melee: Unarmed           ||     1
   Cast: Shock             ||    25
    Use: Potion            ||     1
  Dodge: Dodged            ||     3

Table legend: (Time is in decaauts)
 A = Elapsed time spent in this place.
 B = Non-inter-level travel time spent in this place.
 C = Inter-level travel time spent in this place.
 D = Time resting spent in this place.
 E = Time spent auto-exploring this place.
 F = Levels seen in this place.
 G = Mean time per level.
                   A        B        C        D        E       F      G
               +--------+--------+--------+--------+--------+-----+--------+
         Total |    466 |    459 |      7 |      0 |    404 |   2 |  233.0 |
       Dungeon |    466 |    459 |      7 |      0 |    404 |   2 |  233.0 |
               +--------+--------+--------+--------+--------+-----+--------+

Top non-repeatable levels by time:
     D:1: 350 daAuts
     D:2: 116 daAuts
